 Dungeon Crawl Stone Soup version 0.21-a0-251-g5e8393f (webtiles) character file.

1 RandomMack the Sneak (level 1, -10/10 HPs)
             Began as a Spriggan Assassin on Sept 5, 2017.
             Mangled by a seven-headed hydra (14 damage)
             ... on level 8 of the Dungeon.
             The game lasted 00:01:04 (150 turns).

RandomMack the Sneak (Spriggan Assassin)             Turns: 150, Time: 00:01:05

Health: -10/10     AC:  3    Str:  7    XL:     1   Next: 16%
Magic:  2/2        EV: 17    Int: 12    God:
Gold:   0          SH:  0    Dex: 17    Spells: 0/0 levels left

rFire    . . .     SeeInvis +   a - +2 dagger
rCold    . . .     Gourm    .   (shield restricted)
rNeg     . . .     Faith    .   c - +0 robe
rPois    .         Spirit   .   (helmet restricted)
rElec    .         Reflect  .   d - +0 cloak
rCorr    .         Harm     .   (gloves unavailable)
MR       .....                  (boots unavailable)
Stlth    +++.......             (no amulet)
HPRegen  0.03/turn              (no ring)
MPRegen  0.08/turn              (no ring)

@: about to teleport, very quick
A: unfitting armour, see invisible, herbivore 3, speed 3, slow metabolism 2
a: no special abilities


You were on level 8 of the Dungeon.
You were not hungry.

You visited 1 branch of the dungeon, and saw 8 of its levels.

Inventory:

Hand Weapons
 a - a +2 dagger (weapon)
 b - a +0 blowgun
Missiles
 e - 8 poisoned needles
 f - 2 curare-tipped needles
Armour
 c - a +0 robe (worn)
 d - a +0 cloak (worn)
Scrolls
 j - a scroll of identify {unknown}
 l - a scroll of remove curse {unknown}
Comestibles
 g - a bread ration {@e1}
 i - 3 fruits


   Skills:
 - Level 1.5 Fighting
 - Level 2.1 Short Blades
 - Level 2.0 Throwing
 - Level 1.5 Dodging
 + Level 6.0 Stealth


You couldn't memorise any spells.
You didn't know any spells.

Dungeon Overview and Level Annotations

Branches:
Dungeon (8/15)
 Temple: D:4-7         Lair: D:8-11

Altars:
Xom


Innate Abilities, Weirdness & Mutations

You are very small and have problems with some larger weapons.
You are too small for most types of armour.
You have supernaturally acute eyesight. (SInv)
You are a herbivore.
You cover ground extremely quickly.
You need consume almost no food.


Message History

The bat hits you but does no damage.
Found a stone staircase leading down.
The bat hits you but does no damage. The bat barely misses you.
The bat barely misses you.
Health restored: 10
There is a stone staircase leading down here.
The bat misses you.
You climb downwards.
There is a stone staircase leading up here.
You miss the bat. The bat closely misses you. x2
The bat completely misses you. The bat hits you but does no damage.
A rat and a quokka come into view.
The bat misses you. The bat closely misses you. The bat closely misses you.
You see here 9 gold pieces.
The bat closely misses you.
Found 23 stones.
Found an escape hatch in the floor.
The bat misses you.
You see here a scroll labeled SESHIT RAGEHE.
k - a scroll labeled SESHIT RAGEHE The bat misses you.
The bat hits you but does no damage. The bat closely misses you.
There is an escape hatch in the floor here.
The bat hits you but does no damage. The bat barely misses you.
The bat hits you.
You slide downwards.
The hatch slams shut behind you. 3 orcs and 2 orc wizards come into view.
The orc shouts! x2; The orc wizard shouts!
You hear a shout!
You take 1 damage, and have 9/10 hp.
A quokka skeleton comes into view.
The quokka skeleton misses you.
Found an escape hatch in the floor and an escape hatch in the ceiling.
The quokka skeleton closely misses you.
A worm comes into view.
You see here a mace.
There is an escape hatch in the floor here.
You slide downwards.
The hatch slams shut behind you.
A worker ant and a centaur come into view.
The worker ant twitches its antennae in your direction.
You open the door.
There is an open door here.
You open the door.
A quokka comes into view.
The worker ant misses you.
There is an open door here.
You close the door.
The helpless quokka fails to defend itself.
You impale the quokka!!
You kill the quokka!
Your Stealth skill increases to level 6!
Health restored: 10 You see here a quokka corpse.
You open the door.
Found a stone staircase leading up.
There is an open door here.
Found a stone staircase leading down.
l - a scroll labeled ALELOSCH YCZINO
There is a stone staircase leading down here.
You climb downwards.
Found three shimmering altars of Xom.
There is a stone staircase leading up here.
Found a stone staircase leading down.
There is a stone staircase leading down here.
You climb downwards.
A centaur zombie comes into view.
Found a stone staircase leading down.
There is a stone staircase leading up here.
There is a stone staircase leading down here.
The centaur zombie hits you.
You climb downwards.
A seven-headed hydra comes into view.
There is a stone staircase leading up here.
You take 3 damage, and have 7/10 hp.
MASSIVE DAMAGE!!
An orc comes into view. It is wielding a short sword.
You see here a leather armour.
An orc comes into view.
An orc wizard comes into view. It is wielding a dagger.
The orc wizard shouts!
As you read the scroll labeled SESHIT RAGEHE, it crumbles to dust.
You hear a loud clanging noise!
It was a scroll of noise.
The orc shouts!
You hear a shout! x7
The orc wizard gestures wildly while chanting.
The orc wizard blinks!
As you read the scroll labeled OKABLI QIETH, it crumbles to dust.
You feel strangely unstable.
It was a scroll of teleportation.
The orc hits you.
* * * LOW HITPOINT WARNING * * *
An orc comes into view. It is wielding a hand axe of freezing.
You take 4 damage, and have 3/10 hp.
MASSIVE DAMAGE!!
Unknown command.
The seven-headed hydra bites you!
Ouch! That really hurt!
You die...

. .# ####... ##. ...D...
.....############.D.....
....o..o.o@D....<.......
.....############.......
..# ....... .......
....... ....... .......
.......


You could see a seven-headed hydra and 3 orcs.

Vanquished Creatures
  A quokka (D:5)
1 creature vanquished.

Notes
Turn   | Place    | Note
-------+----------+-------------------------------------------
     0 | D:1      | RandomMack the Spriggan Assassin began the quest for the Orb.
     0 | D:1      | Reached XP level 1. HP: 10/10 MP: 2/2
    76 | D:4      | Noticed an orc wizard
    76 | D:4      | Noticed an orc wizard
    90 | D:5      | Entered Level 5 of the Dungeon
    90 | D:5      | Noticed a centaur
    90 | D:5      | Noticed a worker ant
   101 | D:5      | Reached skill level 6 in Stealth
   119 | D:6      | Found a shimmering altar of Xom.
   119 | D:6      | Found a shimmering altar of Xom.
   119 | D:6      | Found a shimmering altar of Xom.
   134 | D:8      | Noticed a seven-headed hydra
   142 | D:8      | Noticed an orc wizard
   150 | D:8      | Mangled by a seven-headed hydra

Vault maps used:
D:1:      eino_arrival_water_cross
D:2:      nicolae_overflow_crystal_walls, lemuel_doored_altar,
          palyth_stone_intersect, minmay_misc_feat_plants, uniq_natasha
D:3:      fedhas_altar_1, first_bread
D:4:      dancing_weapons_uskayaw, minmay_temple_entry_grid, serial_shops,
          shop_fountains, uniq_pikel, uniq_grinder
D:5:      minmay_misc_feat_encased
D:6:      grunt_temple_overflow_magic_moments, trog_eyes_of_draining,
          tso_oasis_becter, xom_redecorated
D:7:      amethyst_overflow_temple_binary, the_bakery, serial_bayou_pond_e
D:8:      kennysheep_mini_moat, st_stairs_5

Skill      XL: |  1 |
---------------+----+-----
Stealth        | 6 |  6.0
Fighting       | |  1.5
Short Blades   | |  2.1
Throwing       | |  2.0
Dodging        | |  1.5

Action                   || total
-------------------------++-------
Melee: Dagger            ||     2
  Use: Scroll            ||     2
 Stab: Sleeping          ||     1
Armor: Robe              ||     9
Dodge: Dodged            ||    25

Table legend:
 A = Spawn XP
 B = Non-spawn XP
 C = Spawn XP percentage of total XP
 D = Spawn monster count
 E = Non-spawn monster count
 F = Spawn count percentage of total count
 G = Total turns spent on level
                    A         B        C        D         E        F      G
               +---------+---------+-------+---------+---------+-------+---------
         Total |       0 |       2 |   0.0 |       0 |       1 |   0.0 |   150
               +---------+---------+-------+---------+---------+-------+---------
           D:5 |       0 |       2 |   0.0 |       0 |       1 |   0.0 |    29
               +---------+---------+-------+---------+---------+-------+---------

Vault maps used:
D:1:      eino_arrival_water_cross
D:2:      nicolae_overflow_crystal_walls, lemuel_doored_altar,
          palyth_stone_intersect, minmay_misc_feat_plants, uniq_natasha
D:3:      fedhas_altar_1, first_bread
D:4:      dancing_weapons_uskayaw, minmay_temple_entry_grid, serial_shops,
          shop_fountains, uniq_pikel, uniq_grinder
D:5:      minmay_misc_feat_encased
D:6:      grunt_temple_overflow_magic_moments, trog_eyes_of_draining,
          tso_oasis_becter, xom_redecorated
D:7:      amethyst_overflow_temple_binary, the_bakery, serial_bayou_pond_e
D:8:      kennysheep_mini_moat, st_stairs_5

Table legend:
 A = Turns spent in this place as a percentage of turns spent in the entire game.
 B = Non-inter-level travel turns spent in this place as a percentage of non-inter-level travel turns spent in the entire game.
 C = Inter-level travel turns spent in this place as a percentage of turns spent in this place.
 D = Turns resting spent in this place as a percentage of non-inter-level travel turns spent in this place.
 E = Turns spent auto-exploring this place as a percentage of non-inter-level travel turns spent in this place.
 F = Non-inter-level travel turns spent in this place divided by the number of levels of this place that you've seen.
                   A       B       C       D       E      F
               +-------+-------+-------+-------+-------+----------------------
         Total | 100.0 | 100.0 |   0.0 |   0.0 |   2.7 |  18.8
       Dungeon | 100.0 | 100.0 |   0.0 |   0.0 |   2.7 |  18.8
               +-------+-------+-------+-------+-------+----------------------

Table legend:
 A = Kills in this place as a percentage of kills in entire the game.
 B = Kills by you in this place as a percentage of kills by you in the entire game.
 C = Kills by friends in this place as a percentage of kills by friends in the entire game.
 D = Other kills in this place as a percentage of other kills in the entire game.
 E = Experience gained in this place as a percentage of experience gained in the entire game.
 F = Experience gained in this place divided by the number of levels of this place that you have seen.
                   A       B       C       D       E      F
               +-------+-------+-------+-------+-------+----------------------
         Total | 100.0 | 100.0 |   N/A |   N/A | 100.0 |   0.2
       Dungeon | 100.0 | 100.0 |   N/A |   N/A | 100.0 |   0.2
               +-------+-------+-------+-------+-------+----------------------
